 Dungeon Crawl Stone Soup version 0.31-a0-222-gefeffbb62a (webtiles) character file.

Game seed: 1598865548911026279

133651 olmar the Bludgeoner (level 16, -14/234 HPs)
             Began as an Armataur Fighter on July 5, 2023.
             Was an Initiate of Gozag.
             Killed from afar by a deep elf zephyrmancer (37 damage)
             ... with a bolt of lightning
             ... on level 3 of the Elven Halls.
             The game lasted 00:41:31 (27774 turns).

olmar the Bludgeoner (Armataur Fighter)            Turns: 27774, Time: 00:41:31

Health: -14/234    AC: 21    Str: 31    XL:     16   Next: 60%
Magic:  16/16      EV: 10    Int:  7    God:    Gozag
Gold:   3426       SH: 18    Dex:  9    Spells: 15/15 levels left

rFire   . . .        h - +8 whip "Snakebite" {venom, curare, rPois}
rCold   + + +        i - +0 tower shield {rC+}
rNeg    . . .        M - +0 ice dragon scales
rPois   +            k - +1 helmet
rElec   .            o - scarf {harm}
rCorr   .            W - +1 pair of gloves {Str+3}
SInv    .            T - +1 barding
Will    ++...        U - amulet of regeneration Stlth
                     b - +5 ring of evasion
HPRegen 1.39/turn    J - ring of willpower
MPRegen 0.15/turn

%: harm (+30% outgoing, +20% incoming), roll
@: berserking, corroded, gold aura, very quick
A: large, rugged brown scales 3, deformed body, armoured tail, roll, long
tongue, awkward tongue, clumsy 1, dopey 1, fire resistance 1, sturdy frame 1
a: Renounce Religion, Potion Petition, Call Merchant, Bribe Branch


You were on level 3 of the Elven Halls.
You worshipped Gozag.
Gozag was most pleased with you.
You visited 5 branches of the dungeon, and saw 26 of its levels.
You visited 1 bazaar.
You also visited: Ice Cave.

You collected 7066 gold pieces.
You spent 2367 gold pieces at shops.
You paid 1273 gold pieces to Gozag.

Inventory:

Hand Weapons
 h - the +8 whip "Snakebite" (weapon) {venom, curare, rPois}
   (You acquired it on level 2 of the Orcish Mines)

   rPois:     It protects you from poison.
 E - a +6 morningstar of flaming
Missiles
 Y - 2 curare-tipped darts
Armour
 i - a +0 tower shield of cold resistance (worn)
 k - a +1 helmet (worn)
 o - a scarf of harm (worn)
 M - +0 ice dragon scales (worn)
 N - a +2 chain mail of poison resistance
 T - a +1 barding (worn)
 W - a +1 pair of gloves of strength (worn)
Jewellery
 b - a +5 ring of evasion (left hand)
 A - a ring of see invisible
 D - a +6 ring of strength
 F - an amulet of reflection
 J - a ring of willpower (right hand)
 S - a ring of fire
 U - an amulet of regeneration (around neck)
Wands
 g - a wand of light (2)
 r - a wand of paralysis (9)
 x - a wand of polymorph (20)
 y - a wand of flame (8)
 C - a wand of digging (6)
 Z - a wand of iceblast (8)
Scrolls
 e - 7 scrolls of enchant armour
 j - 3 scrolls of silence
 n - 5 scrolls of identify
 p - 2 scrolls of enchant weapon
 s - 7 scrolls of teleportation
 t - 4 scrolls of blinking
 u - 3 scrolls of fear
 G - 3 scrolls of butterflies
 H - 2 scrolls of amnesia
 L - a scroll of revelation
 O - 4 scrolls of poison
 X - 2 scrolls of fog
Potions
 a - 3 potions of heal wounds
 c - a potion of might
 d - 5 potions of invisibility
 f - 2 potions of magic
 l - 4 potions of haste
 m - 10 potions of curing
 q - a potion of resistance
 v - 3 potions of enlightenment
 w - 7 potions of lignification
 z - 2 potions of brilliance
 B - 3 potions of degeneration
 K - a potion of mutation
 P - a potion of ambrosia
 Q - 2 potions of attraction
 V - 3 potions of cancellation
Miscellaneous
 I - a phantom mirror
 R - a lightning rod (3/4)


   Skills:
 + Level 14.0 Fighting
 + Level 17.1 Maces & Flails
 - Level 1.0 Throwing
 + Level 13.8 Armour
 + Level 5.4 Stealth
 + Level 15.9 Shields
 + Level 4.9 Evocations


You had 15 spell levels left.
You didn't know any spells.
Your spell library contained the following spells:

 Spells                   Type           Power      Damage    Failure   Level
 Kiss of Death            Conj/Necr      0%         2d5       80%         1
 Necrotise                Necr           0%         1d4       80%         1
 Summon Small Mammal      Summ           0%         N/A       80%         1
 Blink                    Tloc           0%         N/A       90%         2
 Call Imp                 Summ           0%         N/A       90%         2
 Lesser Beckoning         Tloc           0%         N/A       90%         2
 Momentum Strike          Conj/Tloc      0%         3d8       90%         2
 Call Canine Familiar     Summ           0%         N/A       99%         3
 Confusing Touch          Hex            0%         N/A       99%         3
 Dazzling Flash           Conj/Hex       0%         N/A       99%         3
 Frozen Ramparts          Ice            0%         1d1       99%         3
 Gell's Gravitas          Tloc           0%         N/A       99%         3
 Ignite Poison            Fire/Tmut/Pois 0%         N/A       99%         3
 Summon Guardian Golem    Hex/Summ       0%         N/A       99%         3
 Teleport Other           Tloc           0%         N/A       99%         3
 Vampiric Draining        Necr           0%         2d6       99%         3
 Vhi's Electric Charge    Tloc/Air       0%         N/A       99%         3
 Volatile Blastmotes      Fire/Tloc      0%         2d10      99%         3
 Dispel Undead            Necr           0%         3d6       100%        4
 Fulminant Prism          Conj/Hex       0%         3d5       100%        4
 Ice Form                 Ice/Tmut       0%         N/A       100%        4
 Iskenderun's Mystic Bla  Conj/Tloc      0%         2d3       100%        4
 Manifold Assault         Tloc           0%         N/A       100%        4
 Olgreb's Toxic Radiance  Pois           0%         N/A       100%        4
 Petrify                  Tmut/Erth      0%         N/A       100%        4
 Summon Ice Beast         Ice/Summ       0%         N/A       100%        4
 Agony                    Necr           0%         N/A       100%        5
 Alistair's Intoxication  Tmut/Pois      0%         N/A       100%        5
 Arcjolt                  Conj/Air       0%         1d10      100%        5
 Blade Hands              Tmut           0%         N/A       100%        5
 Fireball                 Conj/Fire      0%         3d3       100%        5
 Lee's Rapid Deconstruct  Erth           0%         3d4*      100%        5
 Metabolic Englaciation   Hex/Ice        0%         N/A       100%        5
 Silence                  Hex/Air        0%         N/A       100%        5
 Summon Mana Viper        Hex/Summ       0%         N/A       100%        5
 Eringya's Noxious Bog    Tmut/Pois      0%         N/A       100%        6
 Plasma Beam              Fire/Air       0%         2x1d10    100%        6
 Statue Form              Tmut/Erth      0%         N/A       100%        6
 Haunt                    Necr/Summ      0%         N/A       100%        7
 Malign Gateway           Summ/Tloc      0%         N/A       100%        7
 Storm Form               Tmut/Air       0%         N/A       100%        7
 Summon Hydra             Summ           0%         N/A       100%        7


Dungeon Overview and Level Annotations

Branches:
Dungeon (15/15)            Temple (1/1) D:7            Lair (5/5) D:9
 Shoals (0/4) Lair:2        Snake (0/4) Lair:2        Slime (0/5) Lair:5
    Orc (2/2) D:10            Elf (3/3) Orc:2        Vaults (0/5) D:14
 Depths (0/4) D:15          IceCv (visited)

Altars:
Ashenzari
Cheibriados
Dithmenos
Elyvilon
Fedhas
Gozag
Hepliaklqana
Kikubaaqudgha
Makhleb
Nemelex Xobeh
Okawaru
Qazlal
Ru
Sif Muna
Trog
Uskayaw
Vehumet
Wu Jian
Xom
Yredelemnul
Zin
The Shining One

Shops:
D:6 (   D:12 !   D:15 *   Orc:2 [*(=

Annotations:
D:7 1 runed translucent door, Crazy Yiuf
D:14 1 runed translucent door, Opnastoc's ghost, journeyman MiBe
Lair:1 2 runed translucent doors, BubbleThief's ghost, journeyman NaVM
Elf:2 3 runed translucent doors, Azrael


Innate Abilities, Weirdness & Mutations

You are completely covered in rugged brown scales. (AC +3, +7% HP)
Armour fits poorly on your strangely shaped body.
You have a long armoured tail.
You roll when moving toward enemies. (Rampage)
Your long tongue fully drains potion bottles. (2x potion effects)
Your tongue gives you trouble enunciating. (1.5x scroll delay)
You are clumsy. (Dex -2)
You are dopey. (Int -2)
Your flesh is heat resistant. (rF+)
Your movements are slightly less encumbered by armour. (ER -2)


Message History

A red film seems to cover your vision as you go berserk!
You feel yourself moving faster!
You feel mighty!
The fire elemental is distracted by your dazzling golden aura.
The deep elf knight mumbles some strange words.
The deep elf knight flickers and vanishes!
Deactivating autopickup; reactivate with Ctrl-A.
The fire elemental hits you. The fire elemental burns you!
* * * LOW HITPOINT WARNING * * *
The fire elemental hits you. The fire elemental burns you!
* * * LOW HITPOINT WARNING * * *
The deep elf annihilator casts a spell.
The deep elf annihilator blinks!
The fire elemental hits you. The fire elemental burns you!
* * * LOW HITPOINT WARNING * * *
You block the fire elemental's attack.
You feel a strong urge to attack something.
You kill the deep elf pyromancer!
The fire elemental disappears in a puff of smoke! x3
The deep elf zephyrmancer is no longer distracted by gold.
The deep elf high priest unwields a +0 short sword.
The deep elf high priest wields a +0 shortbow.
The deep elf high priest shoots an arrow.
The arrow hits you!
* * * LOW HITPOINT WARNING * * *
The deep elf pyromancer gestures wildly while chanting.
The deep elf pyromancer blinks!
Things that are here:
6 gold pieces; a +0 rapier Unknown command.
You feel your anger nearly subside.
You kill the deep elf high priest!
The deep elf zephyrmancer gestures wildly while chanting.
The deep elf zephyrmancer blinks!
The deep elf pyromancer gestures wildly while chanting.
The deep elf pyromancer blinks!
The deep elf annihilator seems less brilliant.
The deep elf zephyrmancer points at you and mumbles some strange words.
The bolt of lightning hits you!!
You die...
Your body crumbles into a pile of gold.

..§...##.......#
......#.........
................
............e....#
......E.§.e......#
......#.$........
......#.§......#
.....##.......##
.... #.@....###
#######...#####.#
..........<....##
...)...$........#
.................#
.######...#####.#.
#...# #. #...# #
#...#


You could see a deep elf annihilator, an earth elemental and a deep elf
zephyrmancer (empowered).

Vanquished Creatures
  Jorgrun (D:13)
  Gastronok (D:8)
  Kirke (Lair:5)
  A frost giant (IceCv)
  2 deep elf sorcerers
  An orc warlord (Orc:2)
  A caustic shrike skeleton (D:15)
  A juggernaut skeleton (D:15)
  A deep elf death mage (Orc:2)
  An ettin (Orc:1)
  A fire dragon (Lair:5)
  3 vault guards (D:14)
  A deep elf high priest (Elf:3)
  A rakshasa (D:14)
  5 hydras
  4 centaur warriors
  Erica (D:10)
  2 boulder beetles
  12 dancing weapons
  8 death yaks
  A tengu warrior (D:14)
  2 orc high priests (Orc:2)
  4 deep elf knights
  7 skeletal warriors (D:15)
  A skyshark (Lair:5)
  A flayed ghost (D:15)
  8 deep elf archers
  A wizard (D:14)
  A lindwurm (Lair:5)
  5 orc knights
  27 deep elf zephyrmancers
  2 necromancers
  A mana viper (shapeshifter) (Elf:2)
  An ugly thing (D:12)
  18 deep elf pyromancers
  3 orc sorcerers (Orc:2)
  3 cyclopes
  3 manticores (D:11)
  5 black mambas (Lair:5)
  17 elephants
  Joseph (Lair:1)
  2 merfolk sirens (Lair:2)
  A fire giant skeleton (D:15)
  An ice statue (IceCv)
  3 molten gargoyles (Lair:5)
  3 gargoyles
  A torpor snail (Lair:5)
  7 cane toads
  3 kobold demonologists
  5 yaktaurs (D:15)
  10 rime drakes
  2 unseen horrors
  18 komodo dragons
  2 tengu conjurers (D:14)
  8 polar bears
  A merfolk (Lair:2)
  2 meliai (shapeshifter) (Elf:2)
  Prince Ribbit (D:5)
  5 trolls
  9 dream sheep
  14 blink frogs
  2 air elementals (Elf:2)
  4 slime creatures (D:13)
  2 water elementals (Elf:2)
  A shadow (D:12)
  A wraith (D:11)
  2 vampires
  20 humans (D:14)
  4 hogs
  63 yaks
  8 wyverns
  3 fire elementals
  4 fire bats (Lair:3)
  8 redbacks (Elf:2)
  3 steam dragons
  A hog (shapeshifter) (D:15)
  9 vampire mosquitoes
  5 basilisks
  Menkaure (D:5)
  3 wargs
  2 nagas (Lair:2)
  An acid dragon (D:10)
  A glowing shapeshifter zombie (D:15)
  2 hell hounds (Lair:5)
  14 water moccasins
  20 orc warriors
  A black bear (D:6)
  5 ogres
  21 wolves
  6 centaurs
  A phantom (D:6)
  5 kobold brigands
  20 bullfrogs
  3 gnoll sergeants
  A scorpion (D:7)
  9 wights (D:9)
  10 killer bees
  3 howler monkeys
  4 lava snakes (Lair:5)
  3 hounds
  A jelly (D:8)
  10 orc priests
  A gnoll bouda (D:9)
  Terence (D:3)
  2 sleepcaps
  6 iguanas
  21 orc wizards
  9 hell rats
  21 gnolls
  11 river rats (D:5)
  8 adders
  A shadow imp (D:7)
  2 white imps
  An ufetubus (D:4)
  2 worms
  3 dart slugs
  54 orcs
  7 endoplasms
  5 giant cockroaches
  11 goblins
  5 hobgoblins
  7 jackals
  9 quokkas
  2 ball pythons
  6 bats
  3 frilled lizards
  27 kobolds
  23 rats
794 creatures vanquished.

Vanquished Creatures (others)
  A water elemental (Elf:1)
  A hell hound (Lair:5)
  An orc wizard (D:5)
  An orc (D:8)
4 creatures vanquished.

Grand Total: 798 creatures vanquished

Notes
Turn   | Place    | Note
-------+----------+-------------------------------------------
     0 | D:1      | olmar the Armataur Fighter began the quest for the Orb.
     0 | D:1      | Reached XP level 1. HP: 19/19 MP: 1/1
    93 | D:1      | You fall into a shaft and drop 1 floor!
   103 | D:2      | Reached XP level 2. HP: 24/26 MP: 2/2
   237 | D:2      | Found an ornate altar of the Wu Jian Council.
   357 | D:1      | Reached XP level 3. HP: 20/33 MP: 3/3
   449 | D:1      | Reached skill level 2 in Maces & Flails
   465 | D:1      | HP: 1/33 [frozen (4)]
   983 | D:2      | Reached XP level 4. HP: 25/40 MP: 4/4
  1820 | D:3      | Found a white marble altar of Elyvilon.
  1973 | D:3      | Reached skill level 3 in Maces & Flails
  1973 | D:3      | Reached XP level 5. HP: 29/48 MP: 5/5
  2245 | D:3      | Noticed Terence
  2261 | D:3      | Killed Terence
  2623 | D:4      | Reached skill level 5 in Armour
  2682 | D:4      | Found a radiant altar of Vehumet.
  2683 | D:4      | Found a basalt altar of Yredelemnul.
  2685 | D:4      | Found a stormy altar of Qazlal.
  2685 | D:4      | Found a sacrificial altar of Ru.
  2707 | D:4      | Reached XP level 6. HP: 37/55 MP: 6/6
  2738 | D:4      | Gained mutation: You are clumsy. (Dex -2) [potion of
                  | mutation]
  2738 | D:4      | Gained mutation: You are dopey. (Int -2) [potion of
                  | mutation]
  2738 | D:4      | Gained mutation: Your flesh is heat resistant. (rF+)
                  | [potion of mutation]
  2738 | D:4      | Gained mutation: Your movements are slightly less
                  | encumbered by armour. (ER -2) [potion of mutation]
  2745 | D:4      | HP: 2/55 [something (2)]
  2747 | D:4      | Reached skill level 4 in Maces & Flails
  2844 | D:4      | Found a bloodstained altar of Trog.
  2845 | D:4      | Found a snail-covered altar of Cheibriados.
  2845 | D:4      | Found a shimmering blue altar of Sif Muna.
  3359 | D:5      | Entered Level 5 of the Dungeon
  3549 | D:5      | Noticed Prince Ribbit
  3577 | D:5      | Killed Prince Ribbit
  3578 | D:5      | Reached XP level 7. HP: 6/63 MP: 7/7
  4072 | D:5      | Reached skill level 5 in Maces & Flails
  4609 | D:5      | Noticed Menkaure
  4613 | D:5      | Killed Menkaure
  4721 | D:5      | Reached XP level 8. HP: 71/71 MP: 8/8
  4832 | D:5      | Found a sparkling altar of Nemelex Xobeh.
  5200 | D:6      | Found Vimirut's Weapon Boutique.
  5219 | D:6      | Reached skill level 5 in Fighting
  5224 | D:6      | Reached skill level 6 in Maces & Flails
  5231 | D:6      | Reached skill level 5 in Shields
  5301 | D:6      | Reached skill level 1 in Stealth
  5988 | D:7      | Reached skill level 7 in Maces & Flails
  6250 | D:7      | Found a runed translucent door.
  6251 | D:7      | Noticed Crazy Yiuf
  6488 | D:7      | Reached XP level 9. HP: 45/80 MP: 9/9
  6715 | D:7      | Found a staircase to the Ecumenical Temple.
  6762 | D:7      | Reached skill level 8 in Maces & Flails
  6776 | D:7      | Reached skill level 1 in Throwing
  7026 | Temple   | Entered the Ecumenical Temple
  7885 | D:8      | Noticed Gastronok
  7953 | D:8      | Reached skill level 9 in Maces & Flails
  8466 | D:8      | Killed Gastronok
  8467 | D:8      | Reached skill level 1 in Evocations
  8467 | D:8      | Reached XP level 10. HP: 37/89 MP: 10/10
  8759 | D:9      | Found a staircase to the Lair.
  9221 | D:9      | Reached skill level 10 in Maces & Flails
 10016 | D:10     | Entered Level 10 of the Dungeon
 10174 | D:10     | Found a staircase to the Orcish Mines.
 10597 | D:10     | Noticed Erica
 10620 | D:10     | Killed Erica
 10621 | D:10     | Reached XP level 11. HP: 47/100 MP: 11/11
 10935 | D:10     | Found an opulent altar of Gozag.
 11888 | D:11     | Reached skill level 11 in Maces & Flails
 12465 | D:10     | Became a worshipper of Gozag Ym Sagoz the Greedy
 12536 | Lair:1   | Entered Level 1 of the Lair of Beasts
 13059 | Lair:1   | Noticed Joseph
 13097 | Lair:1   | Reached skill level 10 in Armour
 13097 | Lair:1   | Killed Joseph
 13552 | Lair:1   | Reached XP level 12. HP: 78/111 MP: 12/12
 13857 | Lair:1   | Found a large runed translucent door.
 13858 | Lair:1   | Found a large runed translucent door.
 13861 | Lair:1   | Noticed BubbleThief's ghost (journeyman NaVM)
 14222 | Lair:2   | Reached skill level 12 in Maces & Flails
 14561 | Lair:2   | Found a staircase to the Snake Pit.
 14812 | Lair:2   | Found a glowing silver altar of Zin.
 14906 | Lair:2   | Reached skill level 10 in Shields
 15130 | Lair:2   | Found a staircase to the Shoals.
 15670 | D:6      | Bought a +6 morningstar of flaming for 548 gold pieces
 15780 | Orc:1    | Entered Level 1 of the Orcish Mines
 15805 | Orc:1    | Noticed an ettin
 15811 | Orc:1    | Killed an ettin
 15987 | Orc:2    | Entered Level 2 of the Orcish Mines
 15987 | Orc:2    | Noticed an orc high priest
 15993 | Orc:2    | Killed an orc high priest
 16037 | Orc:2    | Noticed an orc high priest
 16066 | Orc:2    | Reached skill level 13 in Maces & Flails
 16072 | Orc:2    | Killed an orc high priest
 16078 | Orc:2    | Found a staircase to the Elven Halls.
 16169 | Orc:2    | Reached skill level 10 in Fighting
 16175 | Orc:2    | Noticed an orc warlord
 16209 | Orc:2    | Killed an orc warlord
 16210 | Orc:2    | Reached XP level 13. HP: 93/120 MP: 13/13
 16268 | Orc:2    | Found Teuck's Jewellery Emporium.
 16297 | Orc:2    | Found Tair's General Store.
 16355 | Orc:2    | Found a flickering gateway to a bazaar.
 16385 | Bazaar   | Entered a bazaar
 16389 | Bazaar   | Found Oschanit's Assorted Antiques.
 16403 | Bazaar   | Found Sasatimp's Book Boutique.
 16419 | Bazaar   | Found Anausseo's Antique Weapon Emporium.
 16461 | Bazaar   | Found Bainuxus's Weapon Boutique.
 16477 | Bazaar   | Found Queqoutwe's Magic Scroll Shoppe.
 16500 | Bazaar   | Bought a scroll of identify for 22 gold pieces
 16500 | Bazaar   | Bought a scroll of identify for 22 gold pieces
 16500 | Bazaar   | Bought a scroll of fog for 44 gold pieces
 16500 | Bazaar   | Bought a scroll of vulnerability for 44 gold pieces
 16500 | Bazaar   | Bought a scroll of fear for 44 gold pieces
 16500 | Bazaar   | Bought a scroll of amnesia for 44 gold pieces
 16530 | Bazaar   | Bought 4 datura-tipped darts for 57 gold pieces
 16590 | Bazaar   | Bought a pair of runed gloves for 150 gold pieces
 16590 | Bazaar   | Bought a scroll of identify for 40 gold pieces
 16590 | Bazaar   | Bought a scroll of enchant armour for 150 gold pieces
 16590 | Bazaar   | Bought a scroll of identify for 40 gold pieces
 16590 | Bazaar   | Bought a potion of lignification for 60 gold pieces
 16590 | Bazaar   | Bought a scroll of silence for 190 gold pieces
 16590 | Bazaar   | Bought a scroll labelled YGGENG PYCU for 20 gold pieces
 16591 | Bazaar   | Identified a scroll of acquirement
 16703 | Orc:2    | Acquired the +8 whip "Snakebite" {venom, curare, rPois}
 16703 | Orc:2    | Found the +8 whip "Snakebite" {venom, curare, rPois}
 16767 | Orc:2    | Found Gihaequo's Antique Weapon Emporium.
 17039 | Orc:2    | Found Umud's Antique Armour Emporium.
 17274 | Elf:1    | Entered Level 1 of the Elven Halls
 17274 | Elf:1    | Noticed a deep elf death mage
 17283 | Orc:2    | Killed a deep elf death mage
 17990 | Lair:3   | Reached skill level 14 in Maces & Flails
 18865 | Lair:4   | Found a frozen archway.
 18893 | IceCv    | Entered an ice cave
 18954 | IceCv    | Reached XP level 14. HP: 104/130 MP: 14/14
 19234 | IceCv    | Reached skill level 15 in Maces & Flails
 19347 | IceCv    | Noticed a frost giant
 19367 | IceCv    | Killed a frost giant
 20314 | Lair:5   | Entered Level 5 of the Lair of Beasts
 20332 | Lair:5   | Got the Essays on the Mutated Coward
 20566 | Lair:5   | Noticed Kirke
 20584 | Lair:5   | Noticed a sphinx
 20987 | Lair:5   | Found a large runed translucent door.
 21070 | Lair:5   | Killed Kirke
 21187 | Lair:5   | Reached skill level 16 in Maces & Flails
 21516 | Lair:5   | Found a staircase to the Slime Pits.
 21696 | Lair:5   | Found a large runed translucent door.
 21761 | Lair:5   | Reached XP level 15. HP: 133/141 MP: 15/15
 21778 | Lair:5   | Got the Papyrus of the Pyre and Forms
 22516 | D:12     | Found Vetetsats's Distillery.
 22525 | D:12     | Bought a potion of ambrosia for 136 gold pieces
 22525 | D:12     | Bought a potion of invisibility for 136 gold pieces
 22525 | D:12     | Bought a potion of resistance for 170 gold pieces
 22525 | D:12     | Bought a potion of lignification for 51 gold pieces
 22525 | D:12     | Bought a potion of invisibility for 136 gold pieces
 23079 | D:13     | Noticed Jorgrun
 23090 | D:13     | Killed Jorgrun
 23633 | D:14     | Got the Papyrus of the Legion
 23916 | D:14     | Found a runed translucent door.
 23916 | D:14     | Noticed Opnastoc's ghost (journeyman MiBe)
 24005 | D:14     | Found a gate to the Vaults.
 24621 | D:15     | Entered Level 15 of the Dungeon
 24714 | D:15     | Found Oxkeun's General Store.
 24768 | D:15     | Found a staircase to the Depths.
 24789 | D:15     | Bought a scroll of blinking for 127 gold pieces
 24789 | D:15     | Bought 2 scrolls of identify for 68 gold pieces
 24789 | D:15     | Bought a scroll of butterflies for 68 gold pieces
 25044 | D:15     | Identified the +3 chain mail of the Swan {Regen+}
 25801 | Elf:1    | Reached XP level 16. HP: 103/154 MP: 16/16
 25843 | Elf:1    | Reached skill level 15 in Shields
 26292 | Elf:1    | Got the Vellum of Attacks and Creation
 26668 | Elf:2    | Reached skill level 5 in Stealth
 26671 | Elf:2    | Reached skill level 17 in Maces & Flails
 26973 | Elf:2    | Paralysed by an air elemental for 1 turns
 26978 | Elf:2    | Paralysed by an air elemental for 1 turns
 27200 | Elf:2    | Paralysed by an air elemental for 1 turns
 27447 | Elf:2    | Found a runed translucent gate.
 27448 | Elf:2    | Found a runed translucent gate.
 27448 | Elf:2    | Found a runed translucent gate.
 27555 | Elf:2    | Noticed Azrael
 27745 | Elf:3    | Entered Level 3 of the Elven Halls
 27769 | Elf:3    | HP: 6/156 [deep elf high priest/+0 short sword (3)]
 27774 | Elf:3    | Killed from afar by a deep elf zephyrmancer

Illustrated notes

Levels and vault maps discovered:
D:1:      eino_arrival_water_cross, layout_basic
D:2:      layout_basic, basic_altar, minmay_misc_feat_tiny
D:3:      layout_loops_ring, elyvilon_altar_5, uniq_terence
D:4:      layout_cave_pools, grunt_temple_overflow_open
D:5:      lemuel_ratsnest, layout_loops_corners, nemelex_spade_bored_becter,
          reono_crystal_passage, kennysheep_generic_room_8, uniq_menkaure,
          uniq_prince_ribbit1
D:6:      layout_basic, serial_shops, nicolae_shop_bloodbath_and_beyond
D:7:      layout_loops_ring, minmay_temple_entry_mist, uniq_crazy_yiuf_cottage
D:8:      layout_rooms, uniq_gastronok
D:9:      layout_basic, lair_entry_dummy, serial_curves, eino_curves_01,
          eino_curves_03, eino_curves_03, eino_curves_03
D:10:     layout_rooms, kennysheep_mini, uniq_erica
D:11:     layout_long_grid
D:12:     layout_long_grid, serial_shops, shop, serial_glass, glass_columns_b,
          glass_columns_a, feat_on_display, minmay_strange_pillars
D:13:     layout_roguey, nicolae_houndstooth_variations, uniq_jorgrun
D:14:     layout_basic, grunt_vaults_entry_tiered,
          hellmonk_ghost_happy_afterlife, minmay_misc_feat_rows
D:15:     gammafunk_depths_entry_grave, layout_irregular_city, serial_shops,
          shop, drop_trap
Temple:   hc_temple_tempest_star
Lair:1:   layout_small_grid, ebering_ghost_disaster_area,
          pdpol_lair_neglected_garden, grunt_megastairs_4,
          infiniplex_staircase_pool, uniq_joseph
Lair:2:   layout_regular_city, elwin_shoals_entry_rooms,
          guppyfry_snake_entry_garden, basic_altar,
          nicolae_quartered_pool_medium
Lair:3:   layout_gridlike, st_stairs_13, serial_bayou_shore_b
Lair:4:   layout_concentric_octagons, portal_ice_cave_entry_pillars_1
Lair:5:   cheibrodos_lair_end_hotspot, layout_regular_city,
          dpeg_slime_entry_enclosed, uniq_kirke
Orc:1:    layout_diamond_mine, basic_altar
Orc:2:    grunt_orc_cross, layout_caves, serial_shops, bzr_entry_lakeside
Elf:1:    minmay_elf_arrival_plus, layout_geoelf_octagon, minmay_elf_sorcery
Elf:2:    nicolae_elf_blades_crystal_corner, layout_geoelf_octagon,
          corexii_checkpoint_a, drop_trap, uniq_azrael
Elf:3:    elf_hall, layout_loops_cross, einodemon_crawler_minivault

Skill      XL: |  1  2  3  4  5  6  7  8  9 10 11 12 13 14 15 16 |
---------------+-------------------------------------------------+-----
Fighting       | 3 4 5 6 8 9 10 12 13 14 | 14.0
Armour         | 4 5 6 7 8 9 10 11 12 13 | 13.8
Maces & Flails | 2 3 4 5 7 9 10 11 13 14 16 17 | 17.1
Shields        | 4 5 6 7 9 11 12 13 14 15 | 15.9
Stealth        | 1 2 3 4 5 |  5.4
Throwing       | 1 |  1.0
Evocations     | 1 2 3 4 |  4.9

Action                     |  1- 3 |  4- 6 |  7- 9 | 10-12 | 13-15 | 16-18 || total
---------------------------+-------+-------+-------+-------+-------+-------++-------
  Melee: Flail             |    92 |   246 |   544 |   738 |       |       ||  1620
         Tailslap          |     5 |    20 |    77 |   127 |   179 |    29 ||   437
         Morningstar       |       |       |       |    53 |  1017 |    58 ||  1128
         Whip              |       |       |       |       |    16 |   169 ||   185
  Throw: Dart              |       |     7 |    20 |    79 |    24 |       ||   130
         Throwing net      |       |       |       |     1 |       |       ||     1
         Javelin           |       |       |       |       |     2 |       ||     2
 Invoke: Potion Petition   |       |       |       |     1 |     1 |     1 ||     3
  Evoke: Wand              |       |     6 |     7 |    10 |     3 |       ||    26
         Lightning rod     |       |       |       |    11 |    12 |     4 ||    27
         Phantom mirror    |       |       |       |       |     1 |       ||     1
    Use: Potion            |     1 |     3 |     3 |     3 |       |     1 ||    11
         Scroll            |       |     6 |     5 |    10 |     8 |       ||    29
   Stab: Distracted        |       |       |       |     2 |     3 |     2 ||     7
         Invisible         |       |       |       |     1 |       |       ||     1
         Sleeping          |       |       |       |       |       |     1 ||     1
 Armour: Scale mail        |    59 |   135 |   239 |   123 |       |       ||   556
         Chain mail        |       |       |       |   121 |    13 |       ||   134
         Ice dragon scales |       |       |       |       |   368 |    82 ||   450
  Dodge: Dodged            |    43 |    83 |   312 |   255 |   221 |    35 ||   949
  Block: Buckler           |    29 |    47 |    89 |       |       |       ||   165
         Kite shield       |       |       |     9 |   496 |   191 |       ||   696
         Reflection        |       |       |       |    10 |     3 |       ||    13
         Tower shield      |       |       |       |       |   383 |   129 ||   512

Table legend: (Time is in decaauts)
 A = Elapsed time spent in this place.
 B = Non-inter-level travel time spent in this place.
 C = Inter-level travel time spent in this place.
 D = Time resting spent in this place.
 E = Time spent auto-exploring this place.
 F = Levels seen in this place.
 G = Mean time per level.
                   A        B        C        D        E       F      G
               +--------+--------+--------+--------+--------+-----+--------+
         Total |  27641 |  25723 |   1918 |   4458 |  15477 |  28 |  987.2 |
       Dungeon |  16198 |  14926 |   1272 |   2657 |   9310 |  15 | 1079.9 |
        Temple |    239 |    207 |     32 |      0 |    195 |   1 |  239.0 |
          Lair |   6341 |   6029 |    312 |    726 |   3898 |   5 | 1268.2 |
  Orcish Mines |   1456 |   1223 |    233 |    123 |    674 |   2 |  728.0 |
   Elven Halls |   2448 |   2380 |     68 |    920 |    950 |   3 |  816.0 |
        Bazaar |    315 |    315 |      0 |      0 |    103 |   1 |  315.0 |
      Ice Cave |    642 |    642 |      0 |     30 |    347 |   1 |  642.0 |
               +--------+--------+--------+--------+--------+-----+--------+

Top non-repeatable levels by time:
     D:5: 1883 daAuts
     D:9: 1719 daAuts
     D:7: 1537 daAuts
  Lair:1: 1516 daAuts
  Lair:2: 1490 daAuts
  Lair:5: 1488 daAuts
    D:11: 1472 daAuts
   Elf:1: 1384 daAuts
   Orc:2: 1148 daAuts
     D:8: 1065 daAuts
   Elf:2: 1042 daAuts
    D:10: 1040 daAuts
    D:14: 1006 daAuts
  Lair:3: 978 daAuts
     D:3: 961 daAuts
